 Dungeon Crawl Stone Soup version 0.26-a0-1126-g3318b609a0 (webtiles) character file.

Game seed: 17875460150878692985

7679 Dracia the Spear-Bearer (level 10, -7/67 HPs)
             Began as a Demonspawn Gladiator on Dec 17, 2020.
             Was a Priest of Qazlal.
             Mangled by Snorg (12 damage)
             ... on level 11 of the Dungeon.
             The game lasted 00:19:15 (11995 turns).

Dracia the Spear-Bearer (Demonspawn Gladiator)     Turns: 11995, Time: 00:19:16

Health: -7/67      AC: 11    Str: 23    XL:     10   Next: 99%
Magic:  17/17      EV: 21    Int: 11    God:    Qazlal [***...]
Gold:   491        SH:  3    Dex: 14    Spells: 9/9 levels left

rFire    . . .     SeeInvis .   I - +2 trident (vorpal)
rCold    . . .     Faith    +   (no shield)
rNeg     . . .     Spirit   .   H - +0 swamp dragon scales
rPois    +         Reflect  .   (helmet restricted)
rElec    .         Harm     .   (no cloak)
rCorr    .         Rampage  .   (no gloves)
Will     .....                  N - +2 pair of boots
Stlth    +.........             T - amulet of faith {!P!P}
HPRegen  0.21/turn              S - +6 ring of strength
MPRegen  0.15/turn              (no ring)

@: agile, about to teleport
A: horns 2, demonic guardian 1, powered by pain 1, sturdy frame 2
a: Renounce Religion, Upheaval, Elemental Force


You were on level 11 of the Dungeon.
You worshipped Qazlal.
Qazlal was most pleased with you.
You visited 2 branches of the dungeon, and saw 11 of its levels.

You collected 491 gold pieces.


Innate Abilities, Weirdness & Mutations

You have a pair of horns on your head.
A weak demonic guardian rushes to your aid.
You sometimes gain a little power by taking damage.
Your movements are less encumbered by armour. (ER -4)


   Skills:
 - Level 2.0 Fighting
 + Level 10.7(10.9) Polearms
 - Level 2.6(7.4) Staves
 - Level 1.7 Throwing
 - Level 4.7 Armour
 + Level 7.1 Dodging
 + Level 10.6 Invocations


You had 9 spell levels left.
You didn't know any spells.
Your spell library was empty.

Inventory:

Hand Weapons
 a - a +0 quarterstaff
 z - a +0 spear
 F - a +0 trident
 I - a +2 vorpal trident (weapon)
Missiles
 d - 7 throwing nets (quivered) {=f=f}
 l - 16 poisoned darts
Armour
 b - a +0 leather armour
 c - a +0 helmet
 k - a scarf of shadows
 q - a +1 chain mail
 v - a +0 plate armour
 D - the +2 pair of boots of Tuumnata {rPois Will+ Str-5 Int+6}
   (You found it on level 5 of the Dungeon)

   It affects your strength (-5).
   It affects your intelligence (+6).
   It protects you from poison.
   It affects your willpower, your defense against some magical effects.
 H - +0 swamp dragon scales (worn)
 N - a +2 pair of boots (worn)
Jewellery
 S - a +6 ring of strength (left hand)
 T - an amulet of faith (around neck) {!P!P}
Wands
 t - a wand of disintegration (7)
 u - a wand of flame (44)
 y - a wand of iceblast (26)
 B - a wand of digging (4)
 L - a wand of acid (1)
Scrolls
 e - 10 scrolls of identify {@r1@r1}
 g - 6 scrolls of remove curse {@r2@r2}
 n - 5 scrolls of teleportation {@r4@r4}
 w - 2 scrolls of fog
 A - a scroll of magic mapping
 J - a scroll of amnesia
 M - 2 scrolls of enchant armour
Potions
 f - a potion of brilliance {unknown}
 h - a potion of lignification
 i - 4 potions of attraction {unknown}
 j - 5 potions of curing {@q1@q1}
 m - 2 potions of invisibility
 o - a potion of might
 p - a potion of resistance {unknown}
 r - 2 potions of heal wounds {@q2@q2}
 s - 2 potions of mutation {unknown}
 x - 2 potions of magic {unknown}
 C - a potion of ambrosia
 E - 2 potions of berserk rage {unknown}
 K - a potion of degeneration {unknown}

Dungeon Overview and Level Annotations

Branches:
Dungeon (9/15)             Temple (1/1) D:4            Lair (0/6) D:9
    Orc: D:9-12

Altars:
Ashenzari
Cheibriados
Dithmenos
Elyvilon
Fedhas
Gozag
Hepliaklqana
Kikubaaqudgha
Makhleb
Nemelex Xobeh
Okawaru
Qazlal
Ru
Sif Muna
Trog
Uskayaw
Vehumet
Wu Jian
Xom
Yredelemnul
Zin
The Shining One

Annotations:
D:4 2 transporters
D:11 Snorg

# # #
#############
#
#....†...T@.#
#
#.#########.#
#######.## .#
#........# .#
#.#####..# .#
#.## #..# ..
...# #..# .#
#..# .... .#
#.<# #....


You could see Snorg (berserk, corroded).


Message History

You block Snorg's attack. Snorg completely misses you. Snorg claws you!
You closely miss Snorg.
Snorg is heavily wounded.
Snorg completely misses you. Snorg claws you. You block Snorg's attack.
You puncture Snorg! Your headbutt misses Snorg.
Snorg is heavily wounded.
Snorg completely misses you. Snorg barely misses you. x2
You puncture Snorg! Your headbutt misses Snorg.
Snorg is heavily wounded.
Snorg bites you!
* * * LOW HITPOINT WARNING * * *
Snorg closely misses you. Snorg claws you.
* * * LOW HITPOINT WARNING * * *
Snorg rages.
Snorg completely misses you. Snorg claws you but does no damage.
You block Snorg's attack.
You see here a killer bee corpse.
Snorg bites you!
* * * LOW HITPOINT WARNING * * *
Snorg misses you. Snorg claws you.
* * * LOW HITPOINT WARNING * * *
Okay, then.
As you read the scroll of teleportation {@r4@r4}, it crumbles to dust.
You feel strangely unstable. Snorg completely misses you.
Snorg closely misses you. x2
Snorg misses you. x2; You block Snorg's attack.
Snorg bites you.
* * * LOW HITPOINT WARNING * * *
Snorg misses you. Snorg claws you!
You die...

Skill      XL: |  1  2  3  4  5  6  7  8  9 10 |
---------------+-------------------------------+-----
Dodging        | 3 4 5 7 |  7.1
Armour         | 1 2 3 4 |  4.7
Polearms       | 4 8 9 10 | 10.7
Invocations    | 2 8 10 | 10.6
Fighting       | |  2.0
Staves         | |  2.6
Throwing       | |  1.7

Action                   |  1- 3 |  4- 6 |  7- 9 | 10-12 || total
-------------------------+-------+-------+-------+-------++-------
Melee: Quarterstaff      |   103 |   135 |     8 |       ||   246
       Headbutt          |    12 |    27 |    90 |    14 ||   143
       Spear             |       |       |   261 |       ||   261
       Trident           |       |       |   274 |   203 ||   477
Invok: Upheaval          |       |       |     3 |     3 ||     6
Evoke: Wand              |       |       |       |     2 ||     2
  Use: Scroll            |       |     5 |     5 |     1 ||    11
       Potion            |       |       |     5 |     4 ||     9
 Stab: Distracted        |       |       |     3 |     1 ||     4
Armor: Leather armour    |    26 |       |       |       ||    26
       Chain mail        |     1 |    66 |    27 |       ||    94
       Plate armour      |       |     6 |   209 |    21 ||   236
       Skin              |       |       |    22 |    17 ||    39
       Swamp dragon scal |       |       |       |    18 ||    18
Dodge: Dodged            |    91 |    73 |   203 |    85 ||   452
Block: Other             |       |       |    14 |    21 ||    35

Levels and vault maps discovered:
D:1:      psy_arrival_spokes, layout_basic, kennysheep_another_room,
          hangedman_abyss_or_decor_stabs
D:2:      minmay_recursive_quarters, layout_basic,
          chequers_ecumenical_altar_lobes
D:3:      layout_basic, okawaru_trees_2, tso_oasis_becter, serial_bayou_pond_c,
          chequers_serial_rivers_room_b
D:4:      gammafunk_wand_slinger, layout_cave_pods, zin_angel,
          minmay_temple_entry_slanted, gup_sewer_entry_glass
D:5:      layout_basic, minmay_circle_x
D:6:      layout_cave_pools, hangedman_decor_clover_reticule, uniq_maggie,
          uniq_sigmund, uniq_eustachio
D:7:      layout_loops_ring, vehumet_altar_wand_db, minitemple,
          bh_walls_and_bars
D:8:      layout_cave_pools, nicolae_dithmenos_through_a_glass_darkly,
          uniq_joseph, uniq_psyche, uniq_grum
D:9:      layout_irregular_city, nicolae_ru_sacrificial_ziggurat,
          dpeg_lair_monsters, minmay_diced_spiral, uniq_harold
D:11:     layout_loops_ring, nrook_campfire, uniq_snorg
Temple:   eino_narrow_crystal_temple

Notes
Turn   | Place    | Note
-------+----------+-------------------------------------------
     0 | D:1      | Dracia the Demonspawn Gladiator began the quest for the
                  | Orb.
     0 | D:1      | Reached XP level 1. HP: 16/16 MP: 1/1
    96 | D:1      | Reached skill level 3 in Dodging
   106 | D:1      | Reached skill level 1 in Armour
   106 | D:1      | Gained mutation: You have a pair of small horns on your
                  | head. [demonic ancestry]
   106 | D:1      | Reached XP level 2. HP: 22/22 MP: 2/2
  1072 | D:2      | Gained mutation: Your movements are slightly less
                  | encumbered by armour. (ER -2) [demonic ancestry]
  1072 | D:2      | Reached XP level 3. HP: 10/27 MP: 3/3
  1310 | D:2      | Found a faded altar of an unknown god.
  1648 | D:2      | Reached skill level 2 in Armour
  1929 | D:2      | Reached XP level 4. HP: 31/33 MP: 4/4
  2621 | D:3      | Found an iron altar of Okawaru.
  3202 | D:3      | You fall into a shaft and drop 2 floors!
  3202 | D:5      | Entered Level 5 of the Dungeon
  3202 | D:5      | Noticed an ogre
  3220 | D:4      | Killed an ogre
  3221 | D:4      | Reached skill level 3 in Armour
  3221 | D:4      | Reached skill level 4 in Dodging
  3221 | D:4      | Reached XP level 5. HP: 21/38 MP: 5/5
  3493 | D:4      | Noticed an ogre
  3501 | D:4      | Killed an ogre
  3502 | D:4      | Gained mutation: You sometimes gain a little power by
                  | taking damage. [demonic ancestry]
  3502 | D:4      | Reached XP level 6. HP: 32/44 MP: 6/6
  3624 | D:4      | Noticed an angel
  3625 | D:4      | Found a glowing silver altar of Zin.
  3720 | D:4      | Found a transporter.
  3841 | D:4      | Reached skill level 4 in Armour
  3850 | D:4      | Reached skill level 5 in Dodging
  3908 | D:4      | Found a transporter.
  3934 | D:4      | Found a glowing drain.
  4426 | D:4      | Found a staircase to the Ecumenical Temple.
  4473 | D:4      | Gained mutation: A weak demonic guardian rushes to your
                  | aid. [demonic ancestry]
  4473 | D:4      | Reached XP level 7. HP: 21/50 MP: 7/7
  4887 | D:3      | Found a glowing golden altar of the Shining One.
  5222 | Temple   | Entered the Ecumenical Temple
  5423 | Temple   | Became a worshipper of Qazlal Stormbringer
  5807 | D:5      | Reached skill level 1 in Polearms
  5940 | D:5      | Reached skill level 2 in Polearms
  5959 | D:5      | Reached skill level 3 in Polearms
  6287 | D:5      | Reached skill level 4 in Polearms
  6356 | D:5      | Gained mutation: Your movements are less encumbered by
                  | armour. (ER -4) [demonic ancestry]
  6356 | D:5      | Reached XP level 8. HP: 31/56 MP: 8/8
  6554 | D:5      | Reached skill level 5 in Polearms
  6942 | D:5      | Got a pair of shimmering boots
  6948 | D:5      | Identified the +2 pair of boots of Tuumnata {rPois Will+
                  | Str-5 Int+6} (You found it on level 5 of the Dungeon)
  7086 | D:5      | Reached skill level 6 in Polearms
  7382 | D:6      | Reached * piety under Qazlal
  7493 | D:6      | Noticed Sigmund
  7620 | D:6      | Killed Sigmund
  7707 | D:6      | Noticed Maggie
  7728 | D:6      | Killed Maggie
  7729 | D:6      | Reached skill level 7 in Polearms
  7987 | D:6      | Reached skill level 1 in Invocations
  7990 | D:6      | Noticed Eustachio
  8003 | D:6      | Killed Eustachio
  8004 | D:6      | Reached skill level 8 in Polearms
  8004 | D:6      | Reached skill level 2 in Invocations
  8004 | D:6      | Reached XP level 9. HP: 61/61 MP: 8/10
  8461 | D:7      | Found a radiant altar of Vehumet.
  8553 | D:7      | Reached skill level 3 in Invocations
  8823 | D:7      | Reached ** piety under Qazlal
  9151 | D:7      | Found a hazy altar of Hepliaklqana.
  9152 | D:7      | Found an ornate altar of the Wu Jian Council.
  9155 | D:7      | Found a sparkling altar of Nemelex Xobeh.
  9401 | D:8      | Reached skill level 4 in Invocations
  9416 | D:8      | Noticed Psyche
  9422 | D:8      | Killed Psyche
  9423 | D:8      | Reached skill level 5 in Invocations
  9666 | D:8      | Reached skill level 9 in Polearms
  9666 | D:8      | Reached skill level 6 in Invocations
 10093 | D:8      | Found a shadowy altar of Dithmenos.
 10101 | D:8      | Reached skill level 7 in Invocations
 10153 | D:8      | Noticed Joseph
 10161 | D:8      | Noticed Grum
 10325 | D:8      | Killed Joseph
 10339 | D:8      | Killed Grum
 10340 | D:8      | Reached skill level 8 in Invocations
 10340 | D:8      | Gained mutation: You have a pair of horns on your head.
                  | [demonic ancestry]
 10340 | D:8      | Reached XP level 10. HP: 54/67 MP: 14/16
 10992 | D:9      | Reached skill level 10 in Polearms
 10993 | D:9      | Found a sacrificial altar of Ru.
 11060 | D:9      | Noticed a death yak
 11060 | D:9      | Noticed a death yak
 11087 | D:9      | Noticed a death yak
 11131 | D:9      | Killed a death yak
 11132 | D:9      | Reached skill level 6 in Dodging
 11132 | D:9      | Reached skill level 9 in Invocations
 11141 | D:9      | Killed a death yak
 11141 | D:9      | HP: 7/100 [death yak (13)]
 11150 | D:9      | Killed a death yak
 11151 | D:9      | Reached skill level 10 in Invocations
 11465 | D:9      | Found a staircase to the Lair.
 11561 | D:9      | Noticed Harold
 11575 | D:9      | Killed Harold
 11576 | D:9      | Reached skill level 7 in Dodging
 11811 | D:9      | You fall into a shaft and drop 2 floors!
 11907 | D:11     | Reached *** piety under Qazlal
 11979 | D:11     | Noticed Snorg
 11991 | D:11     | HP: 6/67 [Snorg (6)]
 11995 | D:11     | Mangled by Snorg

Vanquished Creatures
  Harold (D:9)
  2 death yaks (D:9)
  Joseph (D:8)
  Maggie (D:6)
  A troll (D:8)
  Sigmund (D:6)
  Eustachio (D:6)
  Grum (D:8)
  A sky beast (D:5)
  2 orc warriors
  A black bear (D:9)
  A phantom (D:5)
  An ice beast (D:9)
  2 wolves (D:8)
  2 necrophages
  4 centaurs
  2 ogres (D:4)
  A big kobold (D:9)
  4 bullfrogs
  A gnoll sergeant (D:9)
  7 killer bees
  2 scorpions
  3 wights (D:8)
  3 howler monkeys
  A bullfrog zombie (D:5)
  6 hounds
  A centaur zombie (D:6)
  2 jellies
  5 orc priests
  A centaur skeleton (D:8)
  6 worker ants
  7 orc wizards
  3 hell rats (D:9)
  A killer bee zombie (D:8)
  2 worker ant zombies
  A howler monkey skeleton (D:5)
  12 adders
  A river rat (D:9)
  3 shadow imps
  2 white imps
  An ooze (D:4)
  4 worms
  6 leopard geckos
  34 orcs
  A ball python (D:4)
  4 giant cockroaches
  5 goblins
  10 hobgoblins
  8 jackals
  11 kobolds
  6 quokkas
  10 bats
  8 frilled lizards
  A leopard gecko zombie (D:5)
  A quokka skeleton (D:6)
  9 rats
219 creatures vanquished.

Vanquished Creatures (collateral kills)
  A death yak (D:9)
  Psyche (D:8)
  An ice beast (D:7)
  A centaur (D:5)
  A scorpion (D:5)
  A killer bee (D:8)
  An orc priest (D:5)
  2 orc wizards
  A bullfrog skeleton (D:5)
  A worker ant (D:6)
  3 orcs
  A jackal (D:5)
  A kobold (D:9)
  A leopard gecko zombie (D:8)
17 creatures vanquished.

Vanquished Creatures (others)
  An orc wizard (D:5)
1 creature vanquished.

Grand Total: 237 creatures vanquished

Table legend: (Time is in decaauts)
 A = Elapsed time spent in this place.
 B = Non-inter-level travel time spent in this place.
 C = Inter-level travel time spent in this place.
 D = Time resting spent in this place.
 E = Time spent auto-exploring this place.
 F = Levels seen in this place.
 G = Mean time per level.
                   A        B        C        D        E       F      G
               +--------+--------+--------+--------+--------+-----+--------+
         Total |  11925 |  11447 |    478 |   2567 |   7104 |  11 | 1084.1 |
       Dungeon |  11708 |  11250 |    458 |   2567 |   6909 |  10 | 1170.8 |
        Temple |    216 |    196 |     20 |      0 |    195 |   1 |  216.0 |
               +--------+--------+--------+--------+--------+-----+--------+

Top non-repeatable levels by time:
     D:4: 1849 daAuts
     D:5: 1790 daAuts
     D:2: 1608 daAuts
     D:7: 1287 daAuts
     D:3: 1128 daAuts
     D:8: 1125 daAuts
     D:1: 972 daAuts
     D:9: 889 daAuts
     D:6: 886 daAuts
  Temple: 216 daAuts
    D:11: 171 daAuts

Table legend:
 A = Non-vault XP
 B = Vault XP
 C = Vault XP percentage of total XP
 D = Non-vault monster count
 E = Vault monster count
 F = Vault count percentage of total count
                 A         B        C        D         E       F
            +---------+---------+-------+---------+---------+-------
      Total |    4995 |    5976 |  54.5 |     195 |      41 |  17.4
            +---------+---------+-------+---------+---------+-------
        D:1 |      27 |       0 |   0.0 |      18 |       0 |   0.0
        D:2 |      70 |      15 |  17.6 |      22 |       9 |  29.0
        D:3 |      34 |       0 |   0.0 |      12 |       0 |   0.0
        D:4 |     583 |      41 |   6.6 |      22 |       4 |  15.4
        D:5 |     784 |     260 |  24.9 |      24 |       4 |  14.3
        D:6 |     585 |     623 |  51.6 |      21 |       3 |  12.5
        D:7 |     327 |       1 |   0.3 |       8 |       1 |  11.1
        D:8 |    1454 |    1291 |  47.0 |      35 |       5 |  12.5
        D:9 |     730 |    3745 |  83.7 |      22 |      15 |  40.5
       D:11 |     401 |       0 |   0.0 |      11 |       0 |   0.0
            +---------+---------+-------+---------+---------+-------
